Map: Eastwatch LE

Players

ZergberryPie

  • Race: Terran Terran
  • League: Platinum
  • Spawn Location: 7:00

Subwayeatn - Winner!

  • Race: Zerg Zerg
  • League: Platinum
  • Spawn Location: 1:00

VOD

Have the link to the VOD?

Description

Time

  • Played on: May 10, 2018, 5:48 p.m.
  • Length: 6:07
Show
View Real Time Build Order
Export as new Build Order

ZergberryPie Terran 

Build Orders:  

Get SALT Encoding   

  12  0:01  SCV  
  13  0:13  SCV  
  14  0:17  Supply Depot  
  14  0:25  SCV  
  15  0:39  SCV  
  15  0:41  Barracks  
  16  0:51  SCV  
  17  1:03  SCV  
  18  1:15  SCV  
  19  1:18  Command Center  
  19  1:26  Refinery  
  20  1:37  Orbital Command  
  19  1:41  Refinery  
  19  1:42  Marine  
  20  2:01  Barracks  
  20  2:03  SCV  
  20  2:05  Marine  
  22  2:17  SCV  
  23  2:24  Factory  
  23  2:30  Marine  
  23  2:35  Supply Depot  
  24  2:38  Orbital Command  
  24  2:48  SCV  
  25  2:52  Barracks Tech Lab, Barracks Reactor  
  25  3:00  SCV  
  25  3:05  SCV  
  27  3:12  Factory Reactor, SCV  
  28  3:13  Starport, Marine  
  29  3:27  SCV  
  29  3:28  SCV  
  29  3:31  Marine x3  
  34  3:41  Stimpack  
  34  3:43  Engineering Bay  
  34  3:50  Marine x3  
  37  4:01  Supply Depot  
  37  4:02  Medivac  
  37  4:03  Medivac  
  37  4:05  Widow Mine, SCV x2  
  37  4:09  Marine  
  46  4:13  Supply Depot  
  46  4:22  Marine x2  
  48  4:25  SCV x2  
  50  4:32  Widow Mine  
  50  4:35  Supply Depot  
  50  5:01  Marine x2  
  50  5:02  Marine  
Show
View Real Time Build Order
Export as new Build Order

Subwayeatn Zerg - Winner!

Build Orders: Pool First 

Get SALT Encoding   

  12  0:01  Drone  
  13  0:12  Overlord  
  13  0:16  Drone  
  14  0:30  Drone x2  
  16  0:38  Drone  
  17  0:46  Spawning Pool  
  17  0:49  Extractor  
  15  0:50  Drone  
  15  0:55  Drone  
  17  1:16  Hatchery  
  16  1:28  Overlord  
  16  1:35  Queen  
  18  1:40  Drone  
  18  1:43  Drone  
  20  1:49  Drone  
  21  1:55  Drone  
  21  1:59  Metabolic Boost  
  22  2:15  Zergling x4  
  24  2:32  Queen  
  24  2:35  Drone x3  
  29  2:45  Drone x3  
  32  2:53  Lair  
  32  3:03  Overlord  
  32  3:09  Baneling Nest  
  32  3:11  Extractor  
  33  3:12  Drone x3  
  33  3:13  Drone  
  33  3:16  Drone  
  35  3:25  Drone x3  
  38  3:36  Drone x2  
  38  3:37  Drone x2  
  42  3:43  Drone  
  42  3:44  Drone  
  44  3:53  Centrifugal Hooks  
  44  3:55  Overlord x3  
  44  3:59  Overlord  
  44  4:15  Zergling x14  
  51  4:25  Zergling x2  
  51  4:27  Overlord  
  52  4:34  Zergling x2  
  53  4:59  Baneling x3  
  53  5:00  Baneling x12  
  53  5:01  Baneling  
  53  5:02  Zergling x2  
  53  5:03  Zergling x14  
  61  5:14  Spine Crawler  
  61  5:17  Zergling x2, Spine Crawler  
  61  5:18  Zergling x12  
Tags
 
Matchup
TvZ
Opening
Pool First
Replay Pack
Multiplayer
Spawn Locations
Cross Positions
Add a new tag
Caveats
  • Supply blocks, unpowered buildings, or Contaminate may cause inaccurate times.
  • Supply counts are checked every 10 seconds.